 Dungeon Crawl Stone Soup version 0.23.2 (webtiles) character file.

Game seed: 9120518658491606393

88 night the Digger (level 4, -2/24 HPs)
             Began as a Gargoyle Earth Elementalist on Apr 3, 2019.
             Killed from afar by Sigmund (11 damage)
             ... with a wand of flame (8)
             ... on level 2 of the Dungeon.
             The game lasted 00:04:51 (2586 turns).

night the Digger (Gargoyle Earth Elementalist)      Turns: 2586, Time: 00:04:52

Health: -2/24      AC:  6    Str: 11    XL:     4   Next: 53%
Magic:  8/8        EV: 12    Int: 17    God:
Gold:   100        SH:  0    Dex: 10    Spells: 5/9 levels left

rFire    . . .     SeeInvis .   n - +0 mace
rCold    . . .     Gourm    .   (no shield)
rNeg     + . .     Faith    .   c - +0 robe
rPois    ∞         Spirit   .   (no helmet)
rElec    +         Reflect  .   (no cloak)
rCorr    .         Harm     .   i - +0 pair of gloves
MR       .....                  (no boots)
Stlth    +.........             (no amulet)
HPRegen  0.08/turn              q - ring of wizardry
MPRegen  0.11/turn              (no ring)

@: confused
A: negative energy resistance 1, electricity resistance, unbreathing,
petrification resistance, rot immunity, AC +3
a: no special abilities


You were on level 2 of the Dungeon.
You were hungry.

You visited 1 branch of the dungeon, and saw 2 of its levels.

You collected 100 gold pieces.

Inventory:

Hand Weapons
 e - a +0 whip
 h - a +0 dagger
 n - a +0 mace (weapon)
 p - a +0 hunting sling
Missiles
 b - 52 stones (quivered)
 k - 25 bolts
 l - 15 arrows
 m - 18 sling bullets
Armour
 c - a +0 robe (worn)
 i - a +0 pair of gloves (worn)
Jewellery
 q - a ring of wizardry (left hand)
Scrolls
 a - 4 scrolls of identify {unknown}
 f - a scroll of immolation {unknown}
 g - a scroll of fog {unknown}
 j - a scroll of amnesia {unknown}
 o - a scroll of remove curse {unknown}
Comestibles
 d - 4 rations


   Skills:
 - Level 1.5 Dodging
 - Level 2.1 Stealth
 + Level 3.1 Spellcasting
 + Level 1.5 Conjurations
   Level 0.7 Transmutations
 + Level 4.9 Earth Magic


You had 5 spell levels left.
You knew the following spells:

 Your Spells              Type           Power        Failure   Level  Hunger
a - Sandblast             Erth           ###...       1%          1    None
b - Stone Arrow           Conj/Erth      ##....       6%          3    ###....

Your spell library contained the following spells:

 Spells                   Type           Power        Failure   Level  Hunger
 Passwall                 Tmut/Erth      ##......     3%          2    ##.....
 Petrify                  Tmut/Erth      ##......     21%         4    ####...
 Lee's Rapid Deconstruct  Erth           ###.......   26%         5    ######.


Dungeon Overview and Level Annotations

Branches:
Dungeon (2/15)

Altars:
Okawaru

Annotations:
D:2 Sigmund


Innate Abilities, Weirdness & Mutations

You are resistant to torment.
Your stone body is resilient. (AC +3)
You are immune to poison.
You resist negative energy. (rN+)
You are resistant to electric shocks. (rElec)
You can survive without breathing.
You are immune to petrification.
You are immune to rotting.


Message History

You bump into the rock wall.
Something tries to affect you, but you resist.
You're too confused to move!
You hear a zap.
A puff of flame appears from out of thin air!
The puff of flame hits you!
You bump into the rock wall.
You are more confused.
You bump into the rock wall.
You aren't carrying any potions.
You're too confused!
A puff of flame appears from out of thin air!
The puff of flame misses you.
You feel less confused.
You hear some strange, mumbled words.
You are confused.
You hear a zap.
A puff of flame appears from out of thin air!
The puff of flame hits you!
You die...

........(.##### ########.## #..
..# ..# #.# #.# #.# #.# #.# #.#
#.## #.# ##+## #.# ... #.#
##...###.# ###.# ####.#
##.....##.# ##.#.#
##.##.###.......#.#
#....##########.@.#.##...........
.....................')..........
....###########...#.##.........##
.#.## ##.##.###.......## .###
####.# ##.....## .# ..# ##...##
.# ... ##+## .# #[.. .# #...


There were no monsters in sight!

Vanquished Creatures
  A hound (D:2)
  2 adders (D:2)
  2 dart slugs
  2 leopard geckos (D:2)
  6 bats
  A giant cockroach (D:1)
  3 goblins
  8 hobgoblins (D:1)
  2 frilled lizards
  7 kobolds
  2 rats (D:1)
36 creatures vanquished.

Notes
Turn   | Place    | Note
-------+----------+-------------------------------------------
     0 | D:1      | night the Gargoyle Earth Elementalist began the quest for
                  | the Orb.
     0 | D:1      | Reached XP level 1. HP: 10/10 MP: 3/3
   431 | D:1      | Reached XP level 2. HP: 15/15 MP: 5/5
   440 | D:1      | Reached skill level 4 in Earth Magic
  1318 | D:1      | Reached XP level 3. HP: 4/19 MP: 5/7
  1503 | D:1      | Learned a level 3 spell: Stone Arrow
  1641 | D:1      | Found an iron altar of Okawaru.
  2282 | D:2      | Reached skill level 1 in Conjurations
  2282 | D:2      | Reached XP level 4. HP: 15/24 MP: 3/8
  2552 | D:2      | Noticed Sigmund
  2586 | D:2      | Killed from afar by Sigmund

Skill      XL: |  1  2  3 |
---------------+----------+-----
Earth Magic    | 4 |  4.9
Spellcasting   | 3 |  3.1
Conjurations   | 1 |  1.5
Dodging        | |  1.5
Stealth        | |  2.1
Transmutations | |  0.7

Action                   |  1- 3 |  4- 6 || total
-------------------------+-------+-------++-------
Melee: Dagger            |   115 |       ||   115
       Whip              |     3 |       ||     3
       Mace              |    33 |     7 ||    40
 Cast: Sandblast         |    13 |       ||    13
       Stone Arrow       |       |     1 ||     1
 Stab: Distracted        |     1 |       ||     1
       Sleeping          |     1 |     1 ||     2
  Eat: Chunk             |     3 |     2 ||     5
Armor: Robe              |    60 |     5 ||    65
Dodge: Dodged            |   122 |     5 ||   127
